Map: Glittering Ashes LE

Players

Delegasa

  • Race: Protoss Protoss
  • League: Diamond

HAchubbyTTV - Winner!

  • Race: Terran Terran

VOD

Have the link to the VOD?

Description

Time

  • Played on: Nov. 25, 2021, 12:43 a.m.
  • Length: 22:15
Show
View Real Time Build Order
Export as new Build Order

Delegasa Protoss 

Build Orders: 1 Gate Expand 

Get SALT Encoding   

  12  0:00  Probe  
  13  0:12  Probe  
  14  0:22  Pylon  
  14  0:24  Probe  
  15  0:40  Probe (Chrono Boost)  
  16  0:44  Gateway  
  16  0:52  Probe (Chrono Boost), Assimilator  
  17  0:57  Probe (Chrono Boost)  
  18  1:06  Probe  
  19  1:22  Nexus  
  19  1:33  Cybernetics Core  
  19  1:34  Probe (Chrono Boost)  
  20  1:44  Probe (Chrono Boost)  
  20  1:45  Pylon  
  21  1:49  Probe  
  21  1:50  Assimilator  
  22  2:01  Probe  
  22  2:08  Stalker (Chrono Boost)  
  22  2:12  Warp Gate  
  22  2:13  Probe  
  25  2:25  Probe  
  26  2:32  Pylon  
  26  2:33  Sentry (Chrono Boost)  
  28  2:37  Probe x2  
  30  2:49  Probe x2  
  32  2:52  Robotics Facility  
  32  2:58  Gateway  
  32  3:01  Probe (Chrono Boost)  
  32  3:05  Probe (Chrono Boost)  
  34  3:13  Probe (Chrono Boost)  
  36  3:20  Probe (Chrono Boost)  
  36  3:21  Shield Battery, Probe (Chrono Boost), Stalker  
  39  3:27  Probe  
  39  3:28  Probe (Chrono Boost)  
  41  3:39  Immortal  
  41  3:40  Probe (Chrono Boost)  
  47  3:45  Probe (Chrono Boost)  
  47  3:49  Probe (Chrono Boost)  
  47  3:53  Probe (Chrono Boost), Pylon  
  47  3:54  Probe  
  50  4:03  Probe  
  50  4:07  Probe  
  52  4:11  Nexus  
  52  4:14  Pylon  
  52  4:15  Probe  
  53  4:18  Assimilator  
  53  4:19  Probe  
  53  4:21  Assimilator  
  54  4:28  Immortal (Chrono Boost), Probe  
  54  4:31  Probe  
  59  4:39  Robotics Bay  
  59  4:40  Probe  
  59  4:43  Probe  
  54  4:52  Probe  
  47  4:58  Probe  
  48  5:02  Observer (Chrono Boost)  
  49  5:10  Twilight Council  
  49  5:13  Probe (Chrono Boost)  
  43  5:19  Probe (Chrono Boost)  
  39  5:23  Probe (Chrono Boost)  
  41  5:31  Probe (Chrono Boost)  
  41  5:34  Probe x2 (Chrono Boost)  
  42  5:38  Probe (Chrono Boost)  
  42  5:39  Probe (Chrono Boost)  
  45  5:47  Probe (Chrono Boost)  
  45  5:49  Probe (Chrono Boost), Stalker x2  
  51  5:50  Probe (Chrono Boost)  
  51  5:54  Probe (Chrono Boost)  
  51  5:55  Probe (Chrono Boost)  
  49  5:59  Probe  
  49  6:04  Probe  
  43  6:10  Probe  
  42  6:12  Probe  
  42  6:14  Observer (Chrono Boost)  
  44  6:21  Forge  
  40  6:27  Probe (Chrono Boost)  
  42  6:36  Probe (Chrono Boost)  
  42  6:38  Probe (Chrono Boost)  
  40  6:49  Probe (Chrono Boost)  
  40  6:52  Probe (Chrono Boost)  
  43  6:54  Probe (Chrono Boost)  
  43  6:59  Probe (Chrono Boost)  
  44  7:05  Photon Cannon  
  44  7:07  Probe  
  40  7:19  Probe x2  
  40  7:20  Probe  
  42  7:25  Photon Cannon  
  42  7:31  Probe  
  42  7:32  Probe  
  41  7:37  Probe  
  40  7:45  Probe (Chrono Boost)  
  40  7:49  Probe (Chrono Boost)  
  39  7:54  Probe (Chrono Boost)  
  41  8:00  Probe (Chrono Boost)  
  41  8:01  Probe (Chrono Boost)  
  41  8:05  Probe (Chrono Boost)  
  40  8:09  Probe (Chrono Boost)  
  40  8:12  Probe x2 (Chrono Boost)  
  41  8:21  Probe x3  
  41  8:23  Observer  
  43  8:39  Photon Cannon  
  42  8:46  Probe (Chrono Boost)  
  42  8:47  Probe (Chrono Boost)  
  45  8:51  Probe (Chrono Boost)  
  47  8:56  Probe (Chrono Boost)  
  47  8:57  Probe (Chrono Boost)  
  47  9:00  Probe (Chrono Boost)  
  49  9:05  Probe (Chrono Boost)  
  49  9:06  Probe (Chrono Boost)  
  49  9:07  Probe (Chrono Boost)  
  45  9:12  Probe x3  
  47  9:20  Blink  
  47  9:24  Probe x3  
  49  9:36  Observer  
  45  9:42  Probe  
  46  9:47  Probe (Chrono Boost)  
  46  9:48  Templar Archives  
  46  9:50  Probe (Chrono Boost), Photon Cannon  
  46  9:59  Probe (Chrono Boost)  
  48  10:00  Probe (Chrono Boost)  
  48  10:02  Probe (Chrono Boost)  
  48  10:05  Protoss Ground Weapons Level 1  
  49  10:09  Probe (Chrono Boost)  
  50  10:14  Pylon  
  50  10:15  Probe (Chrono Boost)  
  50  10:17  Probe (Chrono Boost)  
  50  10:19  Probe  
  53  10:21  Photon Cannon  
  53  10:24  Probe (Chrono Boost)  
  53  10:28  Probe (Chrono Boost)  
  56  10:35  Probe (Chrono Boost)  
  56  10:38  Extended Thermal Lance  
  56  10:42  Probe (Chrono Boost), High Templar x2  
  59  10:44  Probe (Chrono Boost)  
  59  10:47  Archon, Probe (Chrono Boost)  
  59  10:49  Probe x2 (Chrono Boost)  
  64  10:56  Probe (Chrono Boost)  
  64  10:57  Gateway  
  66  11:01  Gateway, Probe (Chrono Boost)  
  68  11:07  Probe (Chrono Boost)  
  68  11:08  Probe (Chrono Boost)  
  68  11:10  Probe (Chrono Boost)  
  70  11:13  Probe (Chrono Boost)  
  70  11:14  Probe (Chrono Boost)  
  70  11:15  Probe (Chrono Boost)  
  73  11:22  Probe  
  74  11:25  Probe  
  74  11:26  Sentry  
  74  11:27  Probe (Chrono Boost), Sentry  
  80  11:34  Probe (Chrono Boost)  
  83  11:41  Assimilator  
  83  11:42  Gateway  
  83  11:43  Probe (Chrono Boost)  
  83  11:44  Gateway  
  83  11:45  Probe (Chrono Boost), Assimilator  
  83  11:46  Probe (Chrono Boost)  
  84  11:49  Pylon  
  84  11:52  Probe x2 (Chrono Boost)  
  86  11:59  Probe  
  87  12:02  Nexus  
  87  12:05  Pylon  
  87  12:08  Pylon  
  87  12:12  Probe  
  87  12:13  Probe x2  
  77  12:16  Stalker x4  
  85  12:24  Probe  
  85  12:27  Protoss Ground Weapons Level 2  
  86  12:30  Probe x2  
  86  12:36  Probe, Photon Cannon  
  76  12:42  Probe  
  70  12:45  Probe  
  70  12:47  Photon Cannon  
  70  12:48  Probe  
  72  12:54  Probe  
  72  12:57  Probe, High Templar x4  
  82  12:59  High Templar  
  82  13:00  Probe (Chrono Boost)  
  82  13:01  Archon x2  
  85  13:09  Probe (Chrono Boost)  
  85  13:12  Probe (Chrono Boost)  
  88  13:14  Probe (Chrono Boost)  
  88  13:15  Stalker  
  89  13:27  Observer (Chrono Boost)  
  88  13:28  Probe  
  88  13:29  Probe  
  88  13:33  Probe (Chrono Boost)  
  91  13:35  Stalker x2  
  91  13:36  High Templar x2  
  100  13:44  Probe (Chrono Boost)  
  100  13:47  Photon Cannon  
  101  13:52  Probe (Chrono Boost)  
  100  14:01  Probe  
  100  14:02  Colossus (Chrono Boost)  
  99  14:08  Charge  
  105  14:17  Probe (Chrono Boost)  
  106  14:18  Probe (Chrono Boost)  
  106  14:23  Probe (Chrono Boost)  
  108  14:28  Probe (Chrono Boost)  
  108  14:29  Probe (Chrono Boost)  
  111  14:32  Probe x2 (Chrono Boost)  
  111  14:33  Probe (Chrono Boost)  
  111  14:36  Stalker x2  
  117  14:41  Probe  
  117  14:42  Probe  
  117  14:44  Probe  
  109  14:47  Photon Cannon  
  109  14:48  Shield Battery  
  109  14:53  Probe  
  109  14:59  Probe x2  
  109  15:01  Stalker x4  
  109  15:04  High Templar x2  
  109  15:06  Probe  
  120  15:14  Probe x2  
  122  15:16  Protoss Ground Weapons Level 3 (Chrono Boost)  
  122  15:28  Gateway  
  122  15:32  High Templar x2  
  122  15:33  High Templar  
  122  15:35  Archon x2, Gateway  
  128  15:37  Archon  
  128  15:39  Gateway  
  128  15:41  Probe x3 (Chrono Boost)  
  131  15:43  Gateway  
  132  15:52  Probe (Chrono Boost)  
  132  16:12  Assimilator  
  132  16:15  Assimilator  
  132  16:17  Pylon  
  132  16:18  Pylon  
  132  16:20  Pylon  
  132  16:21  Pylon x2  
  132  16:37  Probe (Chrono Boost)  
  132  16:39  Probe x3 (Chrono Boost)  
  136  16:42  Zealot x4, Probe (Chrono Boost)  
  136  16:43  Zealot x2, Stalker  
  136  16:44  Stalker x3  
  157  16:48  Probe x3  
  157  16:53  Probe  
  161  17:00  Probe x3  
  158  17:10  Pylon  
  158  17:11  Probe (Chrono Boost)  
  158  17:12  Pylon  
  158  17:15  Pylon, Probe x3 (Chrono Boost)  
  150  17:23  Probe (Chrono Boost), Stalker  
  150  17:24  Stalker  
  150  17:25  High Templar x3  
  150  17:26  Gateway  
  150  17:29  Gateway  
  164  17:30  Probe x3 (Chrono Boost)  
  164  17:31  Probe (Chrono Boost)  
  164  17:32  Gateway  
  164  17:35  Stalker x2  
  171  17:38  Probe (Chrono Boost)  
  171  17:40  Probe x3 (Chrono Boost)  
  171  17:42  High Templar x3  
  171  17:43  Probe (Chrono Boost)  
  178  17:48  Probe x3  
  182  17:51  Forge  
  182  17:54  Gateway  
  182  17:55  Probe  
  182  17:57  Gateway  
  174  18:13  Pylon  
  174  18:17  Probe x2  
  174  18:18  Probe x2  
  176  18:20  High Templar x10  
  176  18:24  Archon x4  
  176  18:25  Archon  
  196  18:28  Archon x3  
  196  18:31  Probe x3  
  199  18:34  Photon Cannon  
  199  18:35  Archon  
  199  18:36  Photon Cannon  
  198  18:49  Probe  
  198  18:50  Probe  
  154  19:57  Pylon  
  154  19:59  Pylon  
  150  20:03  Pylon  
  150  20:06  Pylon  
  138  20:09  Pylon  
  138  20:11  Pylon  
  138  20:13  Pylon  
  125  20:14  Gateway  
  125  20:15  Gateway  
  125  20:18  Gateway  
  125  20:21  Gateway  
  121  20:23  Gateway  
  121  20:26  Gateway  
  81  21:02  Probe  
  65  22:07  Nexus  
Show
View Real Time Build Order
Export as new Build Order

HAchubbyTTV Terran - Winner!

Build Orders:  

Get SALT Encoding   

  12  0:01  SCV  
  13  0:13  SCV  
  14  0:17  Supply Depot  
  14  0:25  SCV  
  15  0:39  SCV  
  15  0:41  Barracks  
  16  0:45  Refinery  
  16  0:51  SCV  
  17  1:03  SCV  
  18  1:15  SCV  
  19  1:28  Marine  
  19  1:29  Orbital Command  
  20  1:45  Command Center  
  20  2:00  Factory  
  20  2:04  Barracks Reactor  
  20  2:05  SCV  
  21  2:15  Supply Depot  
  21  2:19  SCV  
  22  2:25  Refinery  
  22  2:28  Bunker  
  22  2:33  SCV  
  23  2:45  Starport, SCV  
  24  2:54  Widow Mine  
  24  2:56  Widow Mine  
  24  2:57  SCV  
  29  3:02  Orbital Command  
  29  3:09  SCV  
  30  3:13  Refinery  
  30  3:15  Widow Mine  
  30  3:17  Widow Mine  
  34  3:24  SCV  
  34  3:26  Medivac  
  37  3:31  SCV  
  37  3:32  Marine  
  39  3:36  SCV  
  39  3:38  Supply Depot  
  40  3:43  SCV  
  40  3:46  Armory  
  40  3:48  SCV  
  42  3:54  Widow Mine x2  
  46  3:58  Supply Depot  
  46  4:00  SCV  
  47  4:04  Medivac  
  47  4:06  Supply Depot  
  47  4:09  SCV  
  50  4:11  Marine  
  50  4:16  SCV  
  52  4:21  SCV  
  52  4:23  Widow Mine x2  
  57  4:29  Marine  
  58  4:33  SCV x2  
  60  4:54  Widow Mine x2  
  60  4:56  Supply Depot  
  60  4:59  SCV  
  65  5:00  SCV  
  65  5:02  Command Center  
  66  5:11  SCV  
  66  5:12  SCV  
  66  5:13  Supply Depot  
  68  5:16  Engineering Bay  
  68  5:17  Widow Mine  
  68  5:18  Widow Mine  
  70  5:26  Barracks Tech Lab  
  70  5:28  Factory  
  68  5:32  SCV x2  
  70  5:36  Refinery  
  70  5:37  Supply Depot  
  68  5:43  Medivac, Widow Mine x2  
  72  6:05  Widow Mine x2  
  72  6:09  SCV  
  75  6:11  Supply Depot  
  75  6:13  Neosteel Armor  
  75  6:26  Widow Mine  
  75  6:27  Widow Mine  
  75  6:31  Command Center  
  77  6:35  SCV x2  
  77  6:40  Drilling Claws, Supply Depot  
  77  6:42  Siege Tank  
  80  6:47  SCV x2  
  80  6:49  Medivac  
  80  6:50  Widow Mine x2  
  88  6:59  SCV  
  88  7:00  Supply Depot  
  90  7:05  Planetary Fortress  
  89  7:11  Widow Mine  
  89  7:14  Siege Tank  
  88  7:19  Medivac  
  88  7:27  Widow Mine  
  88  7:32  Widow Mine  
  86  7:52  Refinery  
  86  7:53  Refinery, Siege Tank  
  86  7:54  Widow Mine x2, Hi-Sec Auto Tracking  
  93  8:00  Medivac  
  93  8:01  Smart Servos, Orbital Command  
  95  8:07  SCV  
  95  8:08  SCV x2  
  95  8:10  Terran Vehicle And Ship Armor Level 1  
  98  8:17  Widow Mine x2  
  103  8:20  SCV x2  
  103  8:24  Supply Depot  
  103  8:25  Siege Tank, Supply Depot  
  103  8:26  Missile Turret  
  103  8:45  Widow Mine x2  
  105  8:57  Siege Tank  
  105  8:58  SCV  
  105  8:59  SCV x3  
  112  9:09  Command Center  
  110  9:11  SCV x2  
  108  9:18  Widow Mine x2  
  108  9:19  Medivac  
  114  9:25  Armory  
  114  9:29  Siege Tank  
  113  9:40  Widow Mine x2  
  115  9:49  Fusion Core  
  109  10:01  Siege Tank  
  112  10:07  Command Center  
  112  10:13  Command Center, Widow Mine x2  
  116  10:26  Planetary Fortress  
  116  10:28  Missile Turret  
  116  10:29  SCV x2  
  116  10:30  SCV x2  
  116  10:34  Widow Mine x3  
  116  10:35  Terran Vehicle And Ship Armor Level 2, Terran Ship Weapons Level 1  
  126  10:37  Supply Depot  
  126  10:41  SCV  
  126  10:42  SCV  
  128  10:49  Refinery  
  128  10:51  Starport Reactor  
  128  10:52  Refinery  
  128  10:55  Widow Mine  
  128  10:56  Widow Mine x2, Factory  
  134  10:57  Supply Depot  
  134  11:02  Command Center, Missile Turret  
  134  11:04  Missile Turret  
  134  11:08  Missile Turret  
  134  11:11  Missile Turret  
  134  11:17  Widow Mine  
  136  11:22  Widow Mine x2  
  140  11:27  Orbital Command  
  140  11:28  Missile Turret  
  140  11:31  Missile Turret  
  140  11:32  SCV x3  
  143  11:33  SCV x2  
  143  11:34  Orbital Command  
  143  11:38  Widow Mine  
  147  11:42  Command Center  
  147  11:44  SCV x2  
  147  11:45  SCV  
  150  11:49  Starport  
  150  11:51  Starport  
  150  11:54  Starport, Starport Tech Lab  
  150  11:55  Starport  
  150  12:02  Widow Mine x4  
  150  12:03  Widow Mine  
  146  12:45  Starport Tech Lab x2, Battlecruiser  
  146  12:46  Starport Tech Lab  
  146  12:48  Terran Ship Weapons Level 2  
  146  12:50  Weapon Refit  
  152  12:51  Starport Tech Lab  
  148  13:25  Battlecruiser x2  
  148  13:26  Battlecruiser  
  166  13:30  Command Center  
  166  13:37  Terran Vehicle And Ship Armor Level 3  
  166  13:40  SCV x2  
  166  13:41  SCV x3  
  169  13:49  Battlecruiser  
  173  14:01  Missile Turret  
  173  14:06  Missile Turret  
  173  14:08  Command Center  
  171  14:15  Missile Turret  
  169  14:28  Starport  
  169  14:29  Battlecruiser  
  169  14:30  Battlecruiser x2  
  179  14:52  Refinery  
  179  14:53  Refinery, Battlecruiser  
  183  15:02  Widow Mine  
  183  15:03  Widow Mine x4  
  183  15:04  Planetary Fortress  
  191  15:09  Missile Turret x2  
  189  15:15  Sensor Tower  
  189  15:19  Planetary Fortress  
  187  15:22  Missile Turret, Starport Tech Lab  
  187  15:24  Widow Mine x3  
  193  15:33  Advanced Ballistics  
  193  15:34  Terran Ship Weapons Level 3, Battlecruiser  
  199  15:58  Planetary Fortress  
  199  16:01  Sensor Tower  
  199  16:03  Missile Turret  
  199  16:04  Command Center  
  199  16:05  Missile Turret  
  199  16:07  Missile Turret  
  199  16:36  Starport  
  196  16:41  Command Center  
  185  17:20  Battlecruiser x2  
  185  17:22  Starport Tech Lab  
  197  17:23  Terran Vehicle Weapons Level 1  
  197  17:34  Planetary Fortress  
  197  17:41  Command Center  
  197  17:42  Missile Turret  
  187  18:04  Battlecruiser  
  187  18:05  Command Center, Battlecruiser x2  
  194  18:18  Command Center  
  198  18:30  Corvid Reactor  
  198  18:31  Missile Turret  
  198  18:32  Raven  
  198  18:33  Refinery x2, Missile Turret  
  198  18:34  Raven, Missile Turret  
  195  18:50  Battlecruiser  
  195  18:52  Missile Turret  
  200  18:55  Missile Turret  
  200  18:59  Orbital Command  
  200  19:00  Missile Turret  
  186  19:37  Battlecruiser  
  186  19:38  Battlecruiser  
  191  19:51  Battlecruiser x3  
  194  19:54  Battlecruiser  
  189  20:42  Battlecruiser  
  192  20:55  Battlecruiser  
  196  21:50  Command Center  
Tags
 
Add a new tag
Caveats
  • Supply blocks, unpowered buildings, or Contaminate may cause inaccurate times.
  • Supply counts are checked every 10 seconds.